 Dungeon Crawl Stone Soup version 0.30.0-12-gd5a94ecb5d (webtiles) character file.

Game seed: 1854116585725888305

70 CaptainMV the Cudgeller (level 4, -5/31 HPs)
             Began as a Demonspawn Wanderer on May 17, 2023.
             Slain by a gnoll
             ... wielding a +0 spear
              (7 damage)
             ... on level 3 of the Dungeon.
             The game lasted 00:09:44 (1267 turns).

CaptainMV the Cudgeller (Demonspawn Wanderer)       Turns: 1267, Time: 00:09:44

Health: -5/31      AC:  6    Str: 13    XL:     4   Next: 4%
Magic:  2/5        EV: 10    Int: 17    God:
Gold:   93         SH:  0    Dex: 10    Spells: 4/5 levels left

rFire   . . .        i - +2 short sword (flame)
rCold   . . .        (no shield)
rNeg    . . .        b - +0 ring mail
rPois   .            f - +0 hat
rElec   .            (no cloak)
rCorr   .            j - +0 pair of gloves
SInv    +            (no boots)
Will    .....        (no amulet)
Stlth   ++           g - ring "Lokaxotell" {Wiz Stlth+}
HPRegen 0.25/turn    k - ring of see invisible
MPRegen 0.09/turn

%: wizardry (x1)
@: no status effects
A: ignite blood 1, powered by pain 1
a: no special abilities


You were on level 3 of the Dungeon.
You visited 1 branch of the dungeon, and saw 3 of its levels.

You collected 93 gold pieces.

Inventory:

Hand Weapons
 i - a +2 short sword of flaming (weapon)
Missiles
 l - 5 poisoned darts (quivered)
Armour
 b - a +0 ring mail (worn)
 f - a +0 hat (worn)
 j - a +0 pair of gloves (worn)
Jewellery
 g - the ring "Lokaxotell" (left hand) {Wiz Stlth+}
   (You found it on level 2 of the Dungeon)

   [ring of wizardry]

   It improves your spell success rate.
   Stlth:     It makes you more stealthy.
 k - a ring of see invisible (right hand)
Scrolls
 e - a scroll of brand weapon
 m - 2 scrolls of teleportation
Potions
 a - a potion of cancellation {unknown}
 c - a potion of might
 d - a potion of lignification {unknown}
 h - a potion of flight


   Skills:
 + Level 0.8 Fighting
 + Level 0.5 Short Blades
 + Level 3.3 Maces & Flails
 * Level 0.6 Throwing
 + Level 1.4 Armour
 + Level 1.3 Dodging
 + Level 1.0 Stealth
 + Level 1.3 Spellcasting
 + Level 2.2 Ice Magic
 + Level 1.2 Invocations


You had 4 spell levels left.
You knew the following spells:

 Your Spells              Type           Power      Damage    Failure   Level
a - Freeze                Ice            32%        1d5       8%          1

Your spell library contained the following spells:

 Spells                   Type           Power      Damage    Failure   Level
 Frozen Ramparts          Ice            16%        1d3       21%         3
 Hailstorm                Conj/Ice       4%         3d4       32%         3


Dungeon Overview and Level Annotations

Branches:
Dungeon (3/15)

Altars:


Innate Abilities, Weirdness & Mutations

Your demonic aura sometimes causes spilled blood to erupt in flames.
You sometimes gain a little power by taking damage.


Message History

The gnoll hits you with a +0 spear.
You hit the gnoll. You burn the gnoll.
You kill the gnoll!
You have reached level 4!
You feel agile.
Your demonic ancestry asserts itself...
Your blood heats up.
You barely miss the gnoll. You hit the gnoll. You burn the gnoll.
The gnoll is moderately wounded.
The gnoll hits you with a +0 club. The gnoll barely misses you.
You completely miss the gnoll.
The gnoll is moderately wounded.
The gnoll hits you with a +0 club. The gnoll barely misses you.
You hit the gnoll but do no damage.
The gnoll is moderately wounded.
The gnoll barely misses you.
The gnoll hits you from afar with a +0 spear.
* * * LOW HITPOINT WARNING * * *
You closely miss the gnoll.
The gnoll is moderately wounded.
The gnoll hits you with a +0 club.
* * * LOW HITPOINT WARNING * * *
The gnoll closely misses you.
Casting: Freeze (safe; 8% risk of failure)
Confirm with . or Enter, or press ? or * to list all spells.
Aiming: Freeze (safe; 8% risk of failure)
Press: ? - help, Shift-Dir - straight line, f - gnoll
Aim: a gnoll, wielding a +0 club (lightly wounded)
You freeze the gnoll.
The gnoll is heavily wounded.
The gnoll closely misses you.
The gnoll hits you from afar with a +0 spear.
* * * LOW HITPOINT WARNING * * *
The gnoll attacks as you move away! The gnoll closely misses you.
The gnoll attacks as you move away! The gnoll hits you with a +0 club.
* * * LOW HITPOINT WARNING * * *
You hit the gnoll but do no damage.
The gnoll is heavily wounded.
The gnoll hits you from afar with a +0 spear!
You die...

### ## #.( #. .. #.# #. .# #
#.# # #.## ####.#.# #g#
###.#..# ..... #g# ...
#.####..# #)#
#..#......##########.#
#..#...@.g...........#
....#.#......g.#############
....#.#..#..##.#
...#.#......#.#
....##.#.#.#.#
#..##.#.#+#'####
#..............#
#...#..........#
#.##..............#


You could see 2 gnolls.

Vanquished Creatures
  2 gnolls (D:3)
  A worm (D:2)
  3 dart slugs (D:1)
  3 bats
  10 endoplasms
  A giant cockroach (D:1)
  5 goblins
  4 kobolds (D:1)
  2 quokkas
  4 ball pythons
  2 frilled lizards (D:2)
  A rat (D:2)
38 creatures vanquished.

Notes
Turn   | Place    | Note
-------+----------+-------------------------------------------
     0 | D:1      | CaptainMV the Demonspawn Wanderer began the quest for the
                  | Orb.
     0 | D:1      | CaptainMV set off with the following items: a +0 mace, a +0
                  | ring mail, a potion of might; and the following spell
                  | memorised: Freeze; and the following spells available to
                  | memorise: Frozen Ramparts, Hailstorm.
     0 | D:1      | Reached XP level 1. HP: 13/13 MP: 2/2
   108 | D:1      | Reached skill level 3 in Maces & Flails
   114 | D:1      | Gained mutation: You sometimes gain a little power by
                  | taking damage. [demonic ancestry]
   114 | D:1      | Reached XP level 2. HP: 16/20 MP: 0/3
   479 | D:1      | Reached XP level 3. HP: 18/25 MP: 4/4
   595 | D:2      | Found a faded altar of an unknown god.
   626 | D:2      | Identified the ring "Lokaxotell" {Wiz Stlth+}
  1244 | D:3      | Gained mutation: Your demonic aura sometimes causes spilled
                  | blood to erupt in flames. [demonic ancestry]
  1244 | D:3      | Reached XP level 4. HP: 17/31 MP: 0/5
  1265 | D:3      | HP: 1/31 [gnoll/+0 club (3)]
  1267 | D:3      | Slain by a gnoll

Illustrated notes

Levels and vault maps discovered:
D:1:      ldierk_walled_garden_2, layout_loops_ring
D:2:      minmay_razor_zed, layout_basic, basic_altar,
          hellmonk_ecumenical_altar_inner_sanctum
D:3:      layout_basic, gammafunk_temple_overflow_statue,
          nicolae_concentric_dashed_squares_wild

Skill      XL: |  1 |
---------------+----+-----
Ice Magic      | 2 |  2.2
Maces & Flails | 3 |  3.3
Fighting       | |  0.8
Short Blades   | |  0.5
Throwing       | |  0.6
Armour         | |  1.4
Dodging        | |  1.3
Stealth        | |  1.0
Spellcasting   | |  1.3
Invocations    | |  1.2

Action                     |  1- 3 |  4- 6 || total
---------------------------+-------+-------++-------
  Melee: Mace              |    24 |       ||    24
         Dagger            |    48 |       ||    48
         Short sword       |    45 |     6 ||    51
         Punch             |     1 |       ||     1
   Cast: Freeze            |    24 |     1 ||    25
    Use: Scroll            |     8 |       ||     8
   Stab: Sleeping          |     2 |       ||     2
 Armour: Ring mail         |    52 |       ||    52
  Dodge: Dodged            |    64 |     6 ||    70
